 Dungeon Crawl Stone Soup version 0.30-a0-373-gd37427bb62 (webtiles) character file.

Game seed: 1484433587913059429

237 cowcol the Cudgeller (level 5, 0/46 HPs)
             Began as a Draconian Berserker on Nov 24, 2022.
             Was a Priest of Trog.
             Killed from afar by an orc wizard (2 damage)
             ... with a magic dart
             ... on level 4 of the Dungeon.
             The game lasted 00:11:11 (2867 turns).

cowcol the Cudgeller (Draconian Berserker)          Turns: 2867, Time: 00:11:11

Health: 0/46       AC:  5    Str: 21    XL:     5   Next: 77%
Magic:  5/5        EV: 13    Int:  8    God:    Trog [***...]
Gold:   126        SH:  0    Dex: 10    Spells: 4/4 levels left

rFire   . . .      SeeInvis .    u - +1 glaive (freeze)
rCold   . . .      Faith    .    (shield currently unavailable)
rNeg    . . .      Spirit   .    (body armour unavailable)
rPois   .          Reflect  .    (helmet restricted)
rElec   .          Harm     .    (no cloak)
rCorr   .          Rampage  .    (no gloves)
Will    .....                    (no boots)
Stlth   +.........               (no amulet)
HPRegen 0.27/turn                (no ring)
MPRegen 0.09/turn                (no ring)

@: confused
A: AC +5, unfitting armour, cold-blooded
a: Renounce Religion, Berserk, Trog's Hand


You were on level 4 of the Dungeon.
You worshipped Trog.
Trog was most pleased with you.
You visited 1 branch of the dungeon, and saw 4 of its levels.
You also visited: Sewer.

You collected 126 gold pieces.

Inventory:

Hand Weapons
 a - a +0 mace
 f - a +0 hand axe
 h - a +0 short sword
 u - a +1 glaive of freezing (weapon)
Missiles
 e - 27 stones (quivered)
Jewellery
 t - a +6 ring of intelligence
Scrolls
 b - 4 scrolls of teleportation
 c - 4 scrolls of identify
 j - a scroll of fog {unknown}
 k - a scroll of blinking {unknown}
 n - a scroll of silence {unknown}
 p - a scroll of summoning {unknown}
 q - a scroll of magic mapping {unknown}
 s - a scroll of immolation {unknown}
 v - a scroll of enchant armour {unknown}
Potions
 d - a potion of degeneration {unknown}
 g - a potion of attraction {unknown}
 i - a potion of curing {unknown}
 l - a potion of berserk rage {unknown}
 m - 2 potions of might {unknown}
 o - a potion of magic {unknown}
 r - a potion of haste {unknown}


   Skills:
 + Level 4.2 Fighting
 - Level 4.3 Maces & Flails
 * Level 1.5 Polearms
 + Level 4.2 Dodging
 + Level 0.5 Stealth


You had 4 spell levels left.
You didn't know any spells.
Your spell library was empty.

Dungeon Overview and Level Annotations

Branches:
Dungeon (4/15)              Sewer (visited)
 Temple: D:4-7

Altars:


Innate Abilities, Weirdness & Mutations

Your plain brown scales are hard. (AC +5)
You cannot fit into any form of body armour.
You are cold-blooded and may be slowed by cold attacks.


Message History

The orc wizard hits you with a +0 dagger.
The orc misses you. The orc barely misses you.
The endoplasm hits you but does no damage.
The orc wizard hits you but does no damage.
The orc wizard barely misses you.
You are too confused!
Okay, then.
You bump into the rock wall.
You feel yourself speed up. The endoplasm misses you.
The orc wizard points at you and mumbles some strange words.
You are more confused.
The orc wizard hits you but does no damage.
The orc closely misses you. The orc wizard closely misses you.
The orc hits you with a +0 short sword.
* * * LOW HITPOINT WARNING * * *
The orc wizard mumbles some strange words.
The orc wizard flickers and vanishes!
Deactivating autopickup; reactivate with Ctrl-A.
The endoplasm freezes you.
You are frozen.
* * * LOW HITPOINT WARNING * * *
You feel yourself slow down.
You completely miss something.
You feel yourself speed up. The endoplasm freezes you.
You are frozen.
* * * LOW HITPOINT WARNING * * *
The orc wizard gestures at you while chanting.
You resist with some effort. Something hits you.
* * * LOW HITPOINT WARNING * * *
The orc hits you with a +0 short sword.
* * * LOW HITPOINT WARNING * * *
The orc hits you with a +0 short sword.
* * * LOW HITPOINT WARNING * * *
The endoplasm hits you but does no damage.
Something hits you but does no damage.
The orc wizard gestures at you while chanting.
The magic dart hits you.
You die...

#######.######
#..........#
#....#.....#
#....#.....#
#....#.....#
#....#.....#
#######'#.....#
..............#####
.......<......#o@o#
...)..).......'.{J#
..............#...'...J
..............#####....
+#.....####+#... .##).
#.....# #... # .
#.....# #... #.....#
#... #.....# #.


You could see an orc wizard, an orc and an endoplasm.

Vanquished Creatures
  2 orc wizards
  9 adders
  3 worms
  A dart slug (D:2)
  4 orcs
  10 bats
  5 endoplasms
  5 giant cockroaches
  7 goblins
  7 hobgoblins
  3 jackals (D:2)
  3 quokkas
  11 ball pythons
  11 frilled lizards
  4 kobolds
  11 rats
96 creatures vanquished.

Notes
Turn   | Place    | Note
-------+----------+-------------------------------------------
     0 | D:1      | cowcol the Draconian Berserker began the quest for the Orb.
     0 | D:1      | Reached XP level 1. HP: 19/19 MP: 1/1
   139 | D:1      | Reached XP level 2. HP: 26/26 MP: 2/2
  1013 | D:2      | Reached XP level 3. HP: 33/33 MP: 3/3
  1086 | D:2      | Found a faded altar of an unknown god.
  1122 | D:2      | Reached ** piety under Trog
  1346 | D:2      | Identified the +0 robe "Teer" {rPois Will+}
  1549 | D:3      | Reached XP level 4. HP: 40/40 MP: 4/4
  1756 | D:3      | Found a glowing drain.
  1765 | Sewer    | Entered a sewer
  1873 | Sewer    | Reached XP level 5. HP: 33/46 MP: 5/5
  2617 | D:3      | Reached *** piety under Trog
  2783 | D:3      | Reached skill level 1 in Polearms
  2867 | D:4      | HP: 2/46 [orc/+0 short sword (1)]
  2867 | D:4      | Killed from afar by an orc wizard

Illustrated notes

Levels and vault maps discovered:
D:1:      dpeg_arrival_refuge, layout_basic, kennysheep_flooded_box
D:2:      layout_rooms, dreamdust_ecumenical_altar_statues,
          nicolae_concentric_dashed_squares_wild, kennysheep_another_room
D:3:      layout_loops_cross, lightli_sewer_entry_pipes,
          amcnicky_mini_rare_corridor_liquid, moated_statue, minmay_checkerbox
D:4:      layout_gridville, minmay_temple_entry_offerings, uniq_natasha,
          uniq_crazy_yiuf_cottage

Skill      XL: |  1  2  3  4  5 |
---------------+----------------+-----
Dodging        | 3 4 |  4.2
Fighting       | 4 |  4.2
Maces & Flails | 4 |  4.3
Polearms       | 1 |  1.5
Stealth        | |  0.5

Action                   |  1- 3 |  4- 6 || total
-------------------------+-------+-------++-------
Melee: Mace              |   123 |   133 ||   256
       Tailslap          |     6 |    15 ||    21
       Punch             |     1 |       ||     1
       Hand axe          |       |    32 ||    32
       Glaive            |       |    17 ||    17
Throw: Stone             |       |     3 ||     3
Invok: Berserk           |     2 |     2 ||     4
       Trog's Hand       |       |     2 ||     2
  Use: Scroll            |     1 |       ||     1
 Stab: Sleeping          |       |     1 ||     1
Armor: Skin              |    50 |   132 ||   182
Dodge: Dodged            |   110 |   248 ||   358

Table legend: (Time is in decaauts)
 A = Elapsed time spent in this place.
 B = Non-inter-level travel time spent in this place.
 C = Inter-level travel time spent in this place.
 D = Time resting spent in this place.
 E = Time spent auto-exploring this place.
 F = Levels seen in this place.
 G = Mean time per level.
                   A        B        C        D        E       F      G
               +--------+--------+--------+--------+--------+-----+--------+
         Total |   3051 |   2962 |     89 |    166 |   1660 |   5 |  610.2 |
       Dungeon |   2569 |   2480 |     89 |     57 |   1498 |   4 |  642.2 |
         Sewer |    481 |    481 |      0 |    109 |    162 |   1 |  481.0 |
               +--------+--------+--------+--------+--------+-----+--------+

Top non-repeatable levels by time:
     D:1: 1037 daAuts
     D:3: 932 daAuts
     D:2: 530 daAuts
   Sewer: 481 daAuts
     D:4: 69 daAuts
